 Dungeon Crawl Stone Soup version 0.23.0 (webtiles) character file.

Game seed: 15488504951440599016

104897 inmateoo the Fencer (level 15, 0/126 HPs)
             Began as a Mummy Gladiator on Feb 13, 2019.
             Was an Initiate of Gozag.
             Slain by an entropy weaver (3 damage)
             ... on level 2 of the Spider Nest.
             The game lasted 00:37:53 (27571 turns).

inmateoo the Fencer (Mummy Gladiator)              Turns: 27571, Time: 00:37:54

Health: 0/126      AC: 20    Str: 23    XL:     15   Next: 93%
Magic:  18/18      EV: 15    Int:  9    God:    Gozag
Gold:   1486       SH:  0    Dex: 11    Spells: 14/14 levels left

rFire    + + .     SeeInvis .   b - +8 scimitar (flame)
rCold    + + +     Gourm    .   C - +2 shield {rN+}
rNeg     + + +     Faith    .   M - +2 chain mail {rF+}
rPois    ∞         Spirit   .   J - -2 hat of the Alchemist {rElec rPois rF+ rC+ rN+ MR+ rMut rCorr}
rElec    +         Reflect  +   B - +2 cloak
rCorr    +         Harm     .   z - +2 pair of gloves "Weabysu" {rC++ rCorr}
rMut     +                      K - +2 pair of boots of the Assassin {Detection Stab+ Stlth++}
MR       ++...                  y - amulet of Wevok {Reflect +Fly rF+ rC++ Dex-2 SH+3}
Stlth    ..........             g - +3 ring of slaying
HPRegen  0.31/turn              q - +5 ring of evasion
MPRegen  0.16/turn

@: confused, studying Fighting
A: no food or potions, fire vulnerability, cold resistance 1, negative energy
resistance 3, torment resistance, unbreathing, in touch with death 1
a: Potion Petition, Call Merchant, Bribe Branch, Renounce Religion, Evoke Flight


You were on level 2 of the Spider Nest.
You worshipped Gozag.
Gozag was most pleased with you.
You were not hungry.

You visited 5 branches of the dungeon, and saw 26 of its levels.
You also visited: Bailey, Ice Cave and Volcano.

You collected 8094 gold pieces.
You spent 1881 gold pieces at shops.
You paid 4727 gold pieces to Gozag.

Inventory:

Hand Weapons
 b - a +8 scimitar of flaming (weapon)
 G - the +3 double sword of Pain and Death {freeze, rF- MP+9 Int+2 Dex+5}
   (You acquired it on level 1 of the Spider Nest)

   It has been specially enchanted to freeze those struck by it, causing extra
   injury to most foes and up to half again as much damage against particularly
   susceptible opponents.
   It can also slow down cold-blooded creatures.
   It affects your intelligence (+2).
   It affects your dexterity (+5).
   It makes you vulnerable to fire.
   It affects your magic capacity (+9).
 N - the +2 scimitar of Stickiness {slice, +Blink}
   (You bought it in a shop on level 2 of the Orcish Mines)

   It inflicts extra damage upon your enemies.
   It lets you blink.
Missiles
 d - 4 throwing nets (quivered)
 e - 21 javelins
Armour
 w - a +0 crystal plate armour
 z - the +2 pair of gloves "Weabysu" (worn) {rC++ rCorr}
   (You acquired it on level 14 of the Dungeon)

   It greatly protects you from cold.
   It provides partial protection from all sources of acid and corrosion.
 B - a +2 cloak (worn)
 C - a +2 shield of positive energy (worn)
 J - the -2 hat of the Alchemist (worn) {rElec rPois rF+ rC+ rN+ MR+ rMut rCorr}
   (You bought it in a shop on level 2 of the Orcish Mines)

   It protects you from fire.
   It protects you from cold.
   It insulates you from electricity.
   It protects you from poison.
   It protects you from negative energy.
   It affects your resistance to hostile enchantments.
   It provides partial protection from all sources of acid and corrosion.
   It protects you from mutation.
 K - the +2 pair of boots of the Assassin (worn) {Detection Stab+ Stlth++}
   (You found it on level 2 of the Lair of Beasts)

   It makes you much more stealthy.
 M - a +2 chain mail of fire resistance (worn)
Jewellery
 c - the ring "Tunn" {Fire Str+4}
   (You bought it in a shop on level 2 of the Orcish Mines)

   [ring of fire]

   It enhances your fire magic.
   It affects your strength (+4).
   It protects you from fire.
   It makes you vulnerable to cold.
 g - a +3 ring of slaying (left hand)
 p - the amulet of Tapulut {RegenMP rElec Str+4 Dex+2}
   (You found it on level 8 of the Dungeon)

   [amulet of magic regeneration]

   It increases your magic regeneration.
   It affects your strength (+4).
   It affects your dexterity (+2).
   It insulates you from electricity.
 q - a +5 ring of evasion (right hand)
 y - the amulet of Wevok (around neck) {Reflect +Fly rF+ rC++ Dex-2 SH+3}
   (You bought it in a shop on level 2 of the Orcish Mines)

   [amulet of reflection]

   It shields you and reflects attacks.
   It affects your dexterity (-2).
   It protects you from fire.
   It greatly protects you from cold.
   It lets you fly.
   It affects your SH (+3).
 L - an uncursed ring of protection from magic
Wands
 m - a wand of polymorph (5)
 r - a wand of flame (106)
 v - a wand of digging (9)
 x - a wand of paralysis (13)
 A - a wand of random effects (58)
 F - a wand of enslavement (23)
 I - a wand of acid (14)
 O - a wand of disintegration (19)
Scrolls
 a - 12 scrolls of teleportation
 f - 7 scrolls of immolation
 h - 4 scrolls of amnesia
 i - 8 scrolls of identify
 j - a scroll of magic mapping
 k - a scroll of blinking
 o - a scroll of summoning
 s - 3 scrolls of enchant armour
 t - 8 scrolls of remove curse
 D - a scroll of fog
 P - a scroll of fear
Books
 n - a manual of Fighting
 u - a manual of Fighting
Miscellaneous
 l - a lamp of fire (inert)
 H - a lightning rod (1/4)


   Skills:
 + Level 14.1 Fighting
 * Level 16.0 Long Blades
 - Level 1.5 Throwing
 + Level 6.9 Armour
 - Level 8.0 Dodging
 * Level 7.3 Stealth
 + Level 7.0 Shields
 + Level 4.5 Evocations


You had 14 spell levels left.
You didn't know any spells.
Your spell library contained the following spells:

 Spells                   Type           Power        Failure   Level  Hunger
 Animate Skeleton         Necr           N/A          100%        1    N/A
 Apportation              Tloc           #.....       100%        1    N/A
 Confusing Touch          Hex            #.....       100%        1    N/A
 Magic Dart               Conj           #...         100%        1    N/A
 Summon Small Mammal      Summ           #...         100%        1    N/A
 Blink                    Tloc           N/A          100%        2    N/A
 Call Imp                 Summ           #.......     100%        2    N/A
 Poisonous Vapours        Pois/Air       #.....       100%        2    N/A
 Searing Ray              Conj           #.....       100%        2    N/A
 Slow                     Hex            #.......     100%        2    N/A
 Call Canine Familiar     Summ           #.......     100%        3    N/A
 Confuse                  Hex            #.......     100%        3    N/A
 Conjure Flame            Conj/Fire      #.......     100%        3    N/A
 Dazzling Spray           Conj/Hex       #.....       100%        3    N/A
 Gell's Gravitas          Tloc           #.........   100%        3    N/A
 Mephitic Cloud           Conj/Pois/Air  #.......     100%        3    N/A
 Summon Guardian Golem    Hex/Summ       #.......     100%        3    N/A
 Force Lance              Conj/Tloc      #.......     100%        4    N/A
 Fulminant Prism          Conj/Hex       #.........   100%        4    N/A
 Iskenderun's Mystic Bla  Conj           #.......     100%        4    N/A
 Petrify                  Tmut/Erth      #.......     100%        4    N/A
 Summon Ice Beast         Ice/Summ       #.......     100%        4    N/A
 Summon Lightning Spire   Summ/Air       #.......     100%        4    N/A
 Metabolic Englaciation   Hex/Ice        #.........   100%        5    N/A
 Yara's Violent Unravell  Hex/Tmut       #.........   100%        5    N/A
 Freezing Cloud           Conj/Ice/Air   #.........   100%        6    N/A
 Ring of Flames           Chrm/Fire      #.........   100%        7    N/A

Dungeon Overview and Level Annotations

Branches:
Dungeon (14/15)            Temple (1/1) D:7            Lair (6/6) D:9
 Shoals (0/4) Lair:3       Spider (3/4) Lair:3        Slime (0/5) Lair:6
    Orc (2/2) D:12            Elf (0/3) Orc:2        Vaults (0/5) D:13

Altars:
Ashenzari
Cheibriados
Elyvilon
Fedhas
Gozag
Kikubaaqudgha
Makhleb
Nemelex Xobeh
Okawaru
Ru
Sif Muna
Trog
Uskayaw
Yredelemnul
Zin
The Shining One
Beogh
Jiyva

Shops:
D:5 }   Orc:2 (!?****(

Annotations:
D:14 Frances


Innate Abilities, Weirdness & Mutations

You do not eat or drink.
Your flesh is vulnerable to fire.
You are immune to poison.
Your flesh is cold resistant. (rC+)
You are immune to negative energy. (rN+++)
You are immune to unholy pain and torment.
You can survive without breathing.
You are in touch with the powers of death.


Message History

The entropy weaver completely misses you.
Unknown command.
Unknown command.
The entropy weaver hits you but does no damage. x2
The entropy weaver hits you.
* * * LOW HITPOINT WARNING * * *
The entropy weaver hits you but does no damage.
The tarantella misses you.
There is a stone staircase leading up here.
Unknown command.
Unknown command.
Unknown command.
You slash the entropy weaver! You burn the entropy weaver.
The entropy weaver is almost dead.
The jumping spider pounces on you but does no damage.
The jumping spider barely misses you.
The entropy weaver hits you but does no damage.
The entropy weaver barely misses you. The entropy weaver hits you.
You die...
Your body crumbles into a pile of gold.

....#.#...##.....###..#....#
......##...#...###.#..########
.^#...#......###.#^....##.##.##
###.....###^.#...#.>####......#
#...##..#.#####..#..$##......##
....#.(.#..##.#.....##^..!##=^#
.#####^.#..#..##.........######
.##^.##....#..#sa###...#..#
..#.|.#....##..s@.##.#.####
..##..#..###....########
.##.......^####..##
..###..#.!##.##...#
.^.#..###.#.....#####
..##....###.....#...#
#.#.....##....###...#
######...####......##
#..#.#...#.#......###


You could see an entropy weaver, a jumping spider and a tarantella.

Vanquished Creatures
  Arachne (Spider:2)
  Rupert (D:14)
  An emperor scorpion (Lair:3)
  3 entropy weavers (Spider:2)
  Snorg (Lair:4)
  Erolcha (D:11)
  The ghost of Zapai the Nimble, a journeyman DgAr (Lair:2)
  Fannar (Lair:1)
  The ghost of Jaiteiro the Martial Artist, a journeyman OpBe of Trog (Lair:2)
  The ghost of Duaji the Blocker, a journeyman GrFi of Okawaru (Lair:2)
  The ghost of Duaji the Blocker, a journeyman GrFi of Okawaru (Lair:2)
  A vault guard (D:13)
  2 catoblepae
  8 hydras
  5 two-headed ogres
  Erica (D:8)
  A deep troll shaman (Lair:6)
  3 death yaks (Lair:6)
  6 orc high priests (Orc:2)
  Urug (Lair:6)
  5 wizards (Volcano)
  A lindwurm (Lair:6)
  Pikel (D:4)
  10 orb spiders
  17 wolf spiders
  7 ugly things
  2 deep elf magi
  An orc knight (Bailey)
  2 cyclopes
  5 toenail golems (Volcano)
  3 elephants (Lair:6)
  2 ice statues (IceCv)
  4 black mambas
  12 spiny frogs
  3 kobold demonologists (D:14)
  A yaktaur (D:14)
  A freezing wraith (D:14)
  7 demonic crawlers
  A tengu conjurer (D:12)
  4 rime drakes
  7 komodo dragons
  A redback zombie (D:14)
  3 trolls
  19 jumping spiders
  2 polar bears (Lair:6)
  A hornet (D:13)
  Grinder (D:4)
  10 slime creatures
  6 dream sheep (Lair:6)
  9 blink frogs
  10 hippogriffs
  Sigmund (D:2)
  24 redbacks
  11 tarantellas
  4 wyverns
  4 wraiths
  17 yaks
  A shadow (D:11)
  3 basilisks
  2 vampire mosquitoes (D:14)
  3 hungry ghosts
  10 wargs
  8 water moccasins
  28 orc warriors
  6 porcupines
  A black bear (D:8)
  7 sky beasts
  A slave (D:4)
  14 ice beasts
  A phantom (D:6)
  9 ogres
  16 wolves
  A necrophage (D:12)
  5 boggarts (D:14)
  5 centaurs
  3 big kobolds
  9 crocodiles
  A gnoll sergeant (D:9)
  14 bullfrogs
  6 scorpions
  21 killer bees
  3 howler monkeys
  5 crimson imps
  A bullfrog skeleton (D:11)
  3 centaur skeletons
  5 bullfrog zombies
  6 hounds
  3 jellies
  A quasit (D:8)
  44 orc priests
  26 orc wizards
  4 iguanas
  11 worker ants
  Terence (D:2)
  A hound zombie (D:5)
  2 hound skeletons
  2 howler monkey zombies (D:11)
  8 gnolls
  25 adders
  3 shadow imps
  An ooze (D:1)
  2 adder skeletons
  6 worms
  2 dart slugs
  A leopard gecko (D:4)
  123 orcs
  3 ball pythons
  14 giant cockroaches
  9 goblins
  9 hobgoblins
  22 jackals
  A quokka (D:7)
  12 bats
  6 frilled lizards
  9 kobolds
  A leopard gecko skeleton (D:5)
  A quokka skeleton (D:4)
  3 rats
814 creatures vanquished.

Vanquished Creatures (collateral kills)
  An acid dragon (D:11)
  5 wights (D:8)
6 creatures vanquished.

Vanquished Creatures (others)
  A dancing weapon (Volcano)
  An ugly thing (IceCv)
  An orc warrior (Bailey)
  A worker ant (D:11)
  7 fungi
  A plant (Lair:2)
12 creatures vanquished.

Grand Total: 832 creatures vanquished

Notes
Turn   | Place    | Note
-------+----------+-------------------------------------------
     0 | D:1      | inmateoo the Mummy Gladiator began the quest for the Orb.
     0 | D:1      | Reached XP level 1. HP: 16/16 MP: 1/1
    48 | D:1      | Reached XP level 2. HP: 21/22 MP: 2/2
   117 | D:1      | Reached skill level 3 in Long Blades
   232 | D:1      | Reached XP level 3. HP: 17/28 MP: 3/3
   519 | D:2      | Noticed Terence
   530 | D:2      | Killed Terence
   719 | D:2      | Reached XP level 4. HP: 34/34 MP: 4/4
  1041 | D:2      | Reached skill level 4 in Long Blades
  1062 | D:2      | Noticed Sigmund
  1149 | D:2      | Reached XP level 5. HP: 35/41 MP: 5/5
  1495 | D:2      | Killed Sigmund
  1495 | D:2      | Reached skill level 5 in Long Blades
  1495 | D:2      | Reached XP level 6. HP: 43/48 MP: 6/6
  2621 | D:4      | Found a shattered altar of Ashenzari.
  2623 | D:4      | Found a blossoming altar of Fedhas.
  2627 | D:4      | Found an iron altar of Okawaru.
  2703 | D:4      | Noticed Grinder
  2714 | D:4      | Killed Grinder
  2714 | D:4      | Reached skill level 6 in Long Blades
  2714 | D:4      | Reached XP level 7. HP: 45/55 MP: 7/7
  2793 | D:4      | Reached skill level 5 in Fighting
  3314 | D:4      | Noticed Pikel
  3332 | D:4      | Killed Pikel
  3332 | D:4      | Reached skill level 7 in Long Blades
  3332 | D:4      | Reached XP level 8. HP: 33/64 MP: 8/8
  3470 | D:5      | Entered Level 5 of the Dungeon
  3632 | D:5      | Found Ryluisi's Gadget Emporium.
  3881 | D:5      | Found a glowing golden altar of the Shining One.
  3881 | D:5      | Found a white marble altar of Elyvilon.
  3881 | D:5      | Found a glowing silver altar of Zin.
  4000 | D:5      | Found a sacrificial altar of Ru.
  4059 | D:6      | Reached skill level 8 in Long Blades
  4376 | D:6      | Reached XP level 9. HP: 71/72 MP: 9/9
  4901 | D:7      | Reached skill level 9 in Long Blades
  5011 | D:7      | Found a staircase to the Ecumenical Temple.
  5335 | Temple   | Entered the Ecumenical Temple
  5361 | Temple   | Became a worshipper of Gozag Ym Sagoz the Greedy
  5891 | D:8      | Noticed Erica
  5910 | D:8      | Killed Erica
  5910 | D:8      | Reached skill level 10 in Fighting
  6516 | D:8      | Reached XP level 10. HP: 68/85 MP: 10/10
  6760 | D:8      | Reached skill level 1 in Armour
  6760 | D:8      | Reached skill level 1 in Shields
  7086 | D:8      | Noticed a two-headed ogre
  7111 | D:8      | Killed a two-headed ogre
  7167 | D:8      | Got a sparkling platinum amulet
  7313 | D:9      | Identified the amulet of Tapulut {RegenMP rElec Str+4
                  | Dex+2} (You found it on level 8 of the Dungeon)
  7564 | D:9      | Found a staircase to the Lair.
  7613 | D:9      | Found a flagged portal.
  7675 | Bailey   | Entered a bailey
  8301 | Bailey   | Found a roughly hewn altar of Beogh.
  8301 | Bailey   | Noticed an orc knight
  8327 | Bailey   | Killed an orc knight
  8327 | Bailey   | Reached skill level 10 in Long Blades
  9024 | D:9      | Noticed a two-headed ogre
  9030 | D:9      | Killed a two-headed ogre
  9030 | D:9      | Reached XP level 11. HP: 41/92 MP: 11/11
  9292 | D:10     | Entered Level 10 of the Dungeon
  9960 | D:10     | Got a smoking chain mail
 10618 | D:11     | Noticed Erolcha
 10626 | D:11     | Killed Erolcha
 11047 | D:11     | Identified the cursed +1 chain mail "Didwo" {rN+ rCorr}
                  | (You found it on level 10 of the Dungeon)
 11353 | D:12     | Found a staircase to the Orcish Mines.
 11467 | D:12     | Reached skill level 5 in Dodging
 11479 | D:12     | Noticed a two-headed ogre
 11627 | D:12     | Killed a two-headed ogre
 11627 | D:12     | Reached skill level 11 in Long Blades
 11994 | D:13     | Found a sparkling altar of Nemelex Xobeh.
 12033 | D:13     | Reached XP level 12. HP: 80/102 MP: 12/12
 12194 | D:13     | Noticed a two-headed ogre
 12198 | D:13     | Killed a two-headed ogre
 12269 | D:13     | Noticed a vault guard
 12280 | D:13     | Killed a vault guard
 12304 | D:13     | Found a gate to the Vaults.
 12859 | D:14     | Reached skill level 5 in Armour
 12859 | D:14     | Reached skill level 5 in Shields
 12884 | D:14     | Noticed Rupert
 12907 | D:14     | Killed Rupert
 12979 | D:14     | Reached skill level 12 in Long Blades
 13541 | D:14     | Identified a scroll of acquirement
 13544 | D:14     | Got a pair of translucent gloves
 13555 | D:14     | Identified the +2 pair of gloves "Weabysu" {rC++ rCorr}
                  | (You acquired it on level 14 of the Dungeon)
 13799 | D:14     | Reached skill level 13 in Long Blades
 13943 | D:14     | Noticed a six-headed hydra
 13953 | D:14     | Killed a three-headed hydra
 13953 | D:14     | Gained mutation: You are in touch with the powers of death.
                  | [Mummy growth]
 13953 | D:14     | Reached XP level 13. HP: 84/108 MP: 13/13
 14043 | D:14     | Noticed Frances
 14319 | Lair:1   | Entered Level 1 of the Lair of Beasts
 14362 | Lair:1   | Noticed Fannar
 14363 | Lair:1   | Found a frozen archway.
 14454 | Lair:1   | Killed Fannar
 14489 | IceCv    | Entered an ice cave
 14521 | IceCv    | Found a transporter.
 14669 | IceCv    | Found a transporter.
 15039 | Lair:1   | Reached skill level 14 in Long Blades
 15640 | Lair:2   | Found a runed translucent gate.
 15640 | Lair:2   | Found a runed translucent gate.
 15640 | Lair:2   | Found a runed translucent gate.
 15665 | Lair:2   | Noticed Jaiteiro's ghost (journeyman OpBe)
 15665 | Lair:2   | Noticed Zapai's ghost (journeyman DgAr)
 15665 | Lair:2   | Noticed Duaji's ghost (journeyman GrFi)
 15665 | Lair:2   | Noticed Duaji's ghost (journeyman GrFi)
 15667 | Lair:2   | Found the +2 pair of boots of the Assassin {Detection Stab+
                  | Stlth++}
 16081 | Lair:2   | Killed Duaji's ghost
 16127 | Lair:2   | Killed Duaji's ghost
 16142 | Lair:2   | Killed Jaiteiro's ghost
 16160 | Lair:2   | Killed Zapai's ghost
 16357 | Lair:3   | Reached skill level 15 in Long Blades
 16380 | Lair:3   | Found a staircase to the Shoals.
 16454 | Lair:3   | Found a hole to the Spider Nest.
 16517 | Lair:3   | Reached skill level 1 in Stealth
 16908 | Lair:3   | Reached skill level 1 in Evocations
 17234 | Lair:4   | Reached XP level 14. HP: 107/115 MP: 14/14
 17474 | Lair:4   | Noticed Snorg
 17496 | Lair:4   | Killed Snorg
 18954 | Lair:6   | Entered Level 6 of the Lair of Beasts
 18963 | Lair:6   | Noticed Urug
 18977 | Lair:6   | Killed Urug
 19307 | Lair:6   | Found a staircase to the Slime Pits.
 19307 | Lair:6   | Found a viscous altar of Jiyva.
 20752 | Orc:1    | Entered Level 1 of the Orcish Mines
 20896 | Orc:1    | Found a dark tunnel.
 20920 | Volcano  | Entered a volcano
 21029 | Volcano  | Reached skill level 5 in Stealth
 21548 | Orc:2    | Entered Level 2 of the Orcish Mines
 21548 | Orc:2    | Found a staircase to the Elven Halls.
 21976 | Orc:2    | Reached XP level 15. HP: 101/124 MP: 17/17
 22333 | Orc:2    | Found Didiam's Distillery.
 22333 | Orc:2    | Found Qamuu's Weapon Shoppe.
 22418 | Orc:2    | Found a roughly hewn altar of Beogh.
 23146 | Orc:2    | Found Gysyo's Assorted Antiques.
 23146 | Orc:2    | Found Qylia's Magic Scroll Shoppe.
 23166 | Orc:2    | Bought a scroll of teleportation for 39 gold pieces
 23166 | Orc:2    | Bought a scroll of teleportation for 39 gold pieces
 23295 | Orc:2    | Bought a scroll labeled BICVUWOBIK for 42 gold pieces
 23399 | Orc:2    | Bought a coiled amethyst amulet for 170 gold pieces
 23399 | Orc:2    | Identified the amulet of Wevok {Reflect +Fly rF+ rC++ Dex-2
                  | SH+3} (You bought it in a shop on level 2 of the Orcish
                  | Mines)
 23406 | Orc:2    | Bought the -2 hat of the Alchemist {rElec rPois rF+ rC+ rN+
                  | MR+ rMut rCorr} for 1227 gold pieces
 23406 | Orc:2    | Found the -2 hat of the Alchemist {rElec rPois rF+ rC+ rN+
                  | MR+ rMut rCorr}
 23419 | Orc:2    | Bought a clouded glass ring for 130 gold pieces
 23419 | Orc:2    | Bought an ichor-stained scimitar for 234 gold pieces
 23420 | Orc:2    | Identified the ring "Tunn" {Fire Str+4} (You bought it in a
                  | shop on level 2 of the Orcish Mines)
 23421 | Orc:2    | Identified the +2 scimitar of Stickiness {slice, +Blink}
                  | (You bought it in a shop on level 2 of the Orcish Mines)
 23622 | Spider:1 | Entered Level 1 of the Spider Nest
 24920 | Spider:1 | Got a dazzling double sword
 24921 | Spider:1 | Identified the +3 double sword of Pain and Death {freeze,
                  | rF- MP+9 Int+2 Dex+5} (You acquired it on level 1 of the
                  | Spider Nest)
 26327 | Spider:2 | Noticed Arachne
 26361 | Spider:2 | Killed Arachne
 26808 | Spider:2 | Reached skill level 16 in Long Blades
 27569 | Spider:2 | HP: 6/126 [entropy weaver (10)]
 27571 | Spider:2 | Slain by an entropy weaver

Skill      XL: |  1  2  3  4  5  6  7  8  9 10 11 12 13 14 15 |
---------------+----------------------------------------------+-----
Long Blades    | 3 4 5 6 7 8 9 10 11 13 15 16 | 16.0
Fighting       | 3 4 6 7 10 12 13 14 | 14.1
Armour         | 2 4 5 6 |  6.9
Shields        | 2 4 5 6 7 |  7.0
Dodging        | 4 5 6 7 8 |  8.0
Stealth        | 2 5 7 |  7.3
Evocations     | 1 3 4 |  4.5
Throwing       | |  1.5

Action                   |  1- 3 |  4- 6 |  7- 9 | 10-12 | 13-15 || total
-------------------------+-------+-------+-------+-------+-------++-------
Melee: Long sword        |    86 |   223 |   369 |       |       ||   678
       Scimitar          |       |       |    17 |   741 |  1580 ||  2338
       Double sword      |       |       |       |       |    14 ||    14
Invok: Potion Petition   |       |       |     1 |     3 |       ||     4
       Call Merchant     |       |       |       |       |     4 ||     4
Evoke: Wand              |       |       |       |    40 |     1 ||    41
       Lamp of fire      |       |       |       |     1 |     2 ||     3
       Lightning rod     |       |       |       |       |     4 ||     4
  Use: Scroll            |     2 |       |    10 |     6 |    22 ||    40
 Stab: Distracted        |       |       |     1 |     4 |    12 ||    17
       Sleeping          |       |       |       |       |     5 ||     5
       Petrifying        |       |       |       |       |     2 ||     2
       Petrified         |       |       |       |       |     2 ||     2
       Held in net/web   |       |       |       |       |     1 ||     1
Armor: Leather armour    |    28 |       |       |       |       ||    28
       Scale mail        |     4 |   111 |    10 |       |       ||   125
       Plate armour      |       |       |   182 |   103 |       ||   285
       Crystal plate arm |       |       |       |   313 |   395 ||   708
       Chain mail        |       |       |       |       |   319 ||   319
       Robe              |       |       |       |       |     8 ||     8
Dodge: Dodged            |    77 |   130 |   149 |   291 |   541 ||  1188
Block: Buckler           |       |       |       |    61 |       ||    61
       Shield            |       |       |       |   139 |  1041 ||  1180
       Reflection        |       |       |       |       |     2 ||     2
       Rpst.: Long sword |    26 |    38 |    42 |       |       ||   106
       Scimitar          |       |       |     2 |    82 |   111 ||   195
       Double sword      |       |       |       |       |     1 ||     1
